 Dungeon Crawl Stone Soup version 0.29-a0-834-g1e95ca9f62 (webtiles) character file.

Game seed: 10842453833538473255

86 jlumianski the Trooper (level 4, 0/35 HPs)
             Began as a Demonspawn Fighter on July 13, 2022.
             Killed from afar by Ijyb (22 damage)
             ... with a bolt of acid
             ... on level 3 of the Dungeon.
             The game lasted 00:07:32 (2785 turns).

jlumianski the Trooper (Demonspawn Fighter)         Turns: 2785, Time: 00:07:33

Health: 0/35       AC:  4    Str: 18    XL:     4   Next: 26%
Magic:  4/4        EV:  9    Int: 11    God:
Gold:   130        SH:  4    Dex: 13    Spells: 3/3 levels left

rFire   . . .      SeeInvis .   a - +0 war axe
rCold   . . .      Faith    .   c - +0 buckler
rNeg    . . .      Spirit   .   b - +0 scale mail
rPois   .          Reflect  .   o - +0 helmet
rElec   .          Harm     .   (no cloak)
rCorr   .          Rampage  .   (no gloves)
Will    .....                   (no boots)
Stlth   ..........              (no amulet)
HPRegen 0.11/turn               (no ring)
MPRegen 0.09/turn               (no ring)

@: corroded
A: big brain 1, demonic magic 1
a: no special abilities


You were on level 3 of the Dungeon.
You visited 1 branch of the dungeon, and saw 3 of its levels.

You collected 130 gold pieces.

Inventory:

Hand Weapons
 a - a +0 war axe (weapon)
Missiles
 g - 30 stones (quivered)
 i - 6 poisoned darts
Armour
 b - a +0 scale mail (worn)
 c - a +0 buckler (worn)
 o - a +0 helmet (worn)
Wands
 q - a wand of paralysis (2)
Scrolls
 e - 5 scrolls of identify {unknown}
 h - a scroll of poison {unknown}
 j - a scroll of teleportation {unknown}
 k - a scroll of blinking {unknown}
 m - 2 scrolls of amnesia {unknown}
 r - a scroll of summoning {unknown}
Potions
 d - a potion of might
 f - a potion of ambrosia {unknown}
 l - a potion of berserk rage {unknown}
 n - 2 potions of curing {unknown}
 p - a potion of haste {unknown}


   Skills:
 + Level 3.5 Fighting
 + Level 2.9 Axes
 + Level 3.2 Armour
 + Level 0.6 Dodging
 + Level 3.0 Shields


You had 3 spell levels left.
You didn't know any spells.
Your spell library was empty.

Dungeon Overview and Level Annotations

Branches:
Dungeon (3/15)

Altars:
Uskayaw

Annotations:
D:3 Ijyb


Innate Abilities, Weirdness & Mutations

You have an unusually large brain. (Int +2)
Spells you cast may paralyse adjacent enemies.


Message History

You open the door.
Found a spear.
There is an open door here.
You see here a +0 spear.
Ijyb the Twisted Goblin comes into view.
She is wielding a +0 club and carrying a wand of acid (4).
Ijyb shouts!
Ijyb screams, "No!
No, no, no, no!"
Aiming: Paralyse
Press: ? - help, Shift-Dir - straight line, f - Ijyb
Aim: Ijyb, wielding a +0 club, wearing a +0 scale mail and carrying a wand of acid (4) (chance to affect: 57%) Ijyb suddenly stops moving!
The helpless Ijyb fails to defend herself.
You hit Ijyb but do no damage.
The helpless Ijyb fails to defend herself.
You hit Ijyb but do no damage.
The helpless Ijyb fails to defend herself.
You slash Ijyb!
Ijyb is moderately wounded.
The helpless Ijyb fails to defend herself.
You hit Ijyb but do no damage.
Ijyb is moderately wounded.
The helpless Ijyb fails to defend herself.
You hit Ijyb.
Ijyb is heavily wounded.
The helpless Ijyb fails to defend herself.
You hit Ijyb.
Ijyb is heavily wounded.
The helpless Ijyb fails to defend herself.
You hit Ijyb.
Ijyb is severely wounded.
Ijyb is no longer paralysed.
Ijyb hits you with a +0 club.
You closely miss Ijyb.
Ijyb is severely wounded.
Ijyb hits you but does no damage.
Ijyb zaps a wand.
The bolt of acid hits you! The acid corrodes you!
You closely miss Ijyb.
Ijyb is severely wounded.
Ijyb zaps a wand.
The bolt of acid hits you!!
Ouch! That really hurt!
You die...

...# ._........#
...##.....# ####
....#.....#### #..
#.#..........# #g#
#.##..##.###.# #@#
...........#.###.#
...........#)....#
...........'...###
##.........###.#
.....#.#'### #.#
.#.###.### #.#
.#.. ..# ..#
####### ###


You could see Ijyb.

Vanquished Creatures
  Robin (D:2)
  2 adders (D:3)
  A worm (D:3)
  A dart slug (D:2)
  2 ball pythons (D:1)
  2 endoplasms
  2 giant cockroaches (D:1)
  12 goblins
  9 hobgoblins
  A quokka (D:1)
  4 bats
  2 frilled lizards (D:1)
  6 kobolds
  4 rats
49 creatures vanquished.

Vanquished Creatures (others)
  2 plants (D:2)
2 creatures vanquished.

Grand Total: 51 creatures vanquished

Notes
Turn   | Place    | Note
-------+----------+-------------------------------------------
     0 | D:1      | jlumianski the Demonspawn Fighter began the quest for the
                  | Orb.
     0 | D:1      | Reached XP level 1. HP: 18/18 MP: 1/1
   324 | D:1      | Gained mutation: You have an unusually large brain. (Int
                  | +2) [demonic ancestry]
   324 | D:1      | Reached XP level 2. HP: 20/24 MP: 2/2
   743 | D:1      | You fall into a shaft and drop 1 floor!
  1124 | D:1      | Reached XP level 3. HP: 29/29 MP: 3/3
  1295 | D:2      | Noticed Robin
  1785 | D:2      | Killed Robin
  2358 | D:2      | Found a faded altar of an unknown god.
  2657 | D:3      | Gained mutation: Spells you cast may paralyse adjacent
                  | enemies. [demonic ancestry]
  2657 | D:3      | Reached XP level 4. HP: 32/35 MP: 4/4
  2697 | D:3      | Found a hide-covered altar of Uskayaw.
  2773 | D:3      | Noticed Ijyb
  2785 | D:3      | Killed from afar by Ijyb

Illustrated notes

Levels and vault maps discovered:
D:1:      lightli_arrival_windingriver, layout_basic
D:2:      layout_basic, chequers_ecumenical_altar_lobes, uniq_robin
D:3:      layout_basic, mainiacjoe_overflow_small_starburst, uniq_ijyb

Skill      XL: |  1  2 |
---------------+-------+-----
Axes           | 2 |  2.9
Shields        | 3 |  3.0
Armour         | 3 |  3.2
Fighting       | |  3.5
Dodging        | |  0.6

Action                   |  1- 3 |  4- 6 || total
-------------------------+-------+-------++-------
Melee: War axe           |   102 |    25 ||   127
Evoke: Wand              |       |     1 ||     1
 Stab: Paralysed         |       |     7 ||     7
Armor: Scale mail        |    75 |    13 ||    88
Dodge: Dodged            |    60 |     6 ||    66
Block: Buckler           |    31 |     5 ||    36

Table legend: (Time is in decaauts)
 A = Elapsed time spent in this place.
 B = Non-inter-level travel time spent in this place.
 C = Inter-level travel time spent in this place.
 D = Time resting spent in this place.
 E = Time spent auto-exploring this place.
 F = Levels seen in this place.
 G = Mean time per level.
                   A        B        C        D        E       F      G
               +--------+--------+--------+--------+--------+-----+--------+
         Total |   2848 |   2803 |     45 |    600 |   1140 |   3 |  949.3 |
       Dungeon |   2848 |   2803 |     45 |    600 |   1140 |   3 |  949.3 |
               +--------+--------+--------+--------+--------+-----+--------+

Top non-repeatable levels by time:
     D:1: 1637 daAuts
     D:2: 975 daAuts
     D:3: 235 daAuts
